[Event "31st Kavala Open-A 2022"]
[Site "Kavala"]
[Date "2022.07.29"]
[Round "5.6"]
[White "Karthik Venkataraman"]
[Black "Charkhalashvili, Inga"]
[Result "1-0"]
[ECO "A07"]
[WhiteElo "2483"]
[BlackElo "2276"]
[Annotator "TA"]
[PlyCount "103"]
[EventDate "2022.07.27"]
[EventType "swiss"]
[EventCountry "GRE"]
[SourceTitle "playchess.com"]
[Source "ChessBase"]
[SourceQuality "1"]
[TimeControl "40/5400+30:1800+30"]

1. b3 Nf6 2. Bb2 d5 3. Nf3 c6 4. d3 Bf5 5. Nbd2 e6 6. g3 h6 7. Bg2 Nbd7 8. O-O a5 {[%emt 0:00:42] A07: Réti Opening: New York and Capablanca Systems.} 9. a3 Be7 10. e4 dxe4 {[%emt 0:03:43] White is slightly better.} 11. dxe4 Bh7 12. Qe2 O-O {[%emt 0:04:52] [#]} 13. Rfd1 $146 ({Predecessor:} 13. e5 Nd5 14. c4 Nc7 15. Rfd1 Qb8 16. Ne4 Rd8 17. Nfd2 Nc5 18. Nxc5 Bxc5 19. Ne4 {½-½ (60) Weber,S (2141)-Hronik,P (1899) Tatranske Zruby 2018}) 13... Qc7 14. e5 Nd5 15. Ne4 Nc5 {[%emt 0:04:01] [#]} (15... Rfd8 $11) 16. Nd6 $1 $16 {[%emt 0:01:30] Black is on the road to losing.} Rfd8 {[%emt 0:05:12] [#]} 17. c4 $1 Nxb3 18. cxd5 exd5 19. Ra2 f6 (19... a4 $16) 20. Nc4 {[%emt 0:06:27][%cal Oc4b6] Hoping for Nb6!} Nc5 (20... Rf8 {was called for.} 21. Ne3 Rae8) 21. exf6 $18 Bxf6 22. Bxf6 gxf6 23. Ne3 Ne4 24. Qb2 {[%emt 0:01:00] Prevents Nc3.} Qf7 25. Nd4 Nd6 26. Raa1 Kh8 27. Rac1 Re8 28. Nxc6 bxc6 29. Rxc6 Rab8 30. Qa1 Red8 31. Nxd5 Ne8 32. a4 {[%emt 0:04:26] Prevents Rb5.} Kg7 33. Rc5 Rd7 34. Re1 Rdb7 35. Nc3 {[%emt 0:01:49] Prevents Rb1.} Rb4 36. Rxa5 Nd6 37. Ra6 Rd4 38. Nb5 Nxb5 39. axb5 Rd7 40. Bc6 Rc7 41. Qd4 Bf5 42. Qf4 Bh3 43. Qd6 {[%emt 0:08:35] b6 is the strong threat.} ({Not} 43. Be8 $2 Re7 44. Rxe7 Qxe7 $19) 43... Rbc8 44. Ra4 Qh5 45. Re7+ Rxe7 46. Qxe7+ Kg8 47. g4 Qxb5 48. Qe6+ {[%emt 0:00:08] White mates.} Kg7 49. Ra7+ (49. Bxb5 $2 Rc1+) 49... Kg6 50. Qe4+ (50. Bxb5 $2 Rc1+) 50... f5 51. Qe6+ (51. Bxb5 $2 {gets mated.} Rc1+) 51... Kg5 52. Rg7+ {[%emt 0:00:06] Weighted Error Value: White=0.06 (flawless) /Black=0.35} (52. Bxb5 $2 {leads to mate.} Rc1+) 1-0

[Event "31st Kavala Open-A 2022"]
[Site "Kavala"]
[Date "2022.07.29"]
[Round "5.7"]
[White "Koutlas, Nikolaos"]
[Black "Bharath Subramaniyam H"]
[Result "0-1"]
[ECO "B90"]
[WhiteElo "2314"]
[BlackElo "2479"]
[Annotator "TA"]
[PlyCount "114"]
[EventDate "2022.07.27"]
[EventType "swiss"]
[EventCountry "GRE"]
[SourceTitle "playchess.com"]
[Source "ChessBase"]
[SourceQuality "1"]
[TimeControl "40/5400+30:1800+30"]

1. e4 c5 2. Nf3 d6 3. d4 cxd4 4. Nxd4 Nf6 5. Nc3 a6 6. Be3 e5 7. Nf3 Be7 8. Bc4 h6 9. O-O {[%emt 0:06:14] B90: Sicilian Najdorf: Unusual White 6th moves, 6 Be3 Ng4 and 6 Be3 e5.} O-O 10. Qe2 Be6 11. Rfd1 {[%emt 0:02:25] White is slightly better.} Nbd7 12. a4 Rc8 13. Bb3 Qc7 14. Nd2 Rfd8 {[%emt 0:01:42] [#]} 15. Nd5 $146 ({Predecessor:} 15. Nf1 Bxb3 16. cxb3 Nc5 17. a5 b5 18. axb6 Qxb6 19. Ng3 Qxb3 {0-1 (76) Winkler,A-Schwenger,K DESC email 2006}) 15... Nxd5 16. exd5 Bf5 17. c3 Nc5 18. Bc4 {[%emt 0:02:19] Inhibits Bd3.} Bg6 19. f3 Bg5 20. Bxg5 hxg5 21. b4 Nd7 22. a5 {[%emt 0:01:09] Against Nb6} (22. Rac1 $15) 22... e4 $1 $19 {[%emt 0:01:49] Threatens to win with ...exf3.} 23. Ba2 (23. fxe4 Ne5 24. Bd3 Qxc3 $17) 23... exf3 (23... Qxc3 24. Nxe4 Bxe4 25. Qxe4 $17) 24. Nxf3 Qxc3 25. Nxg5 Qxb4 (25... Bc2 $1 $19 26. Rf1 Bd3) 26. Bb1 $17 {[%emt 0:02:50] Bxg6 is the strong threat.} Re8 27. Qf2 Qc5 {[%emt 0:03:07] Black is more active.} ({Black should try} 27... Nf6 $1 $17 {[%cal Rf6g4] And now ...Ng4 would win.} 28. Bxg6 fxg6) 28. Bxg6 Qxf2+ 29. Kxf2 fxg6 30. Ne6 (30. Kg1 $15) 30... Nc5 (30... Rc2+ $17 31. Kg1 Nf6) 31. Rab1 (31. Rdb1 $15) 31... Ne4+ 32. Ke1 Re7 ({Black should play} 32... b5 $1 $17 {Hoping for ...Nc3.} 33. axb6 Nc3) 33. Rb6 Nc3 34. Rd3 {[%emt 0:08:15] [#]} Nb5 (34... Nxd5 $1 $17 35. Rxd5 Rxe6+ 36. Kd1 Rd8) 35. Kd2 $11 Rc4 36. Rf3 Rc8 {[%emt 0:00:01] Prevents Rf8+.} 37. Rg3 Rf7 38. Rxg6 Na3 39. Rg4 (39. Rb3 $11 Nc4+ 40. Kd1) 39... Nc4+ $17 40. Rxc4 Rxc4 41. Rxd6 {[%emt 0:00:13][%mdl 4096] Endgame KRR-KRN} Rf2+ 42. Kd3 Ra4 43. Rd8+ Kh7 44. d6 {[%emt 0:00:38] aiming for d7.} Rxa5 45. Kc4 {[%emt 0:09:09] [#]} (45. d7 $17 Rd5+ 46. Ke4) 45... Rc2+ $1 $19 ({Don't play} 45... Rxg2 46. d7 Rd2 47. Re8 $14) 46. Kd3 (46. Kb3 $142 Rc6 47. d7 Rb5+ 48. Ka4 Rxe6 49. Re8) 46... Rxg2 47. Kc3 $2 (47. d7 {was called for.} Rd5+ 48. Ke3 (48. Ke4 $2 Rgd2 $19)) 47... Ra3+ {[%emt 0:01:38] Black is clearly winning.} 48. Kb4 Rd3 49. d7 Rgd2 50. Nf8+ Kh6 51. Kc5 Rd6 {[%emt 0:00:51] White must now prevent ...R2d4.} 52. Rb8 (52. Re8 $142 b6+ 53. Kc4) 52... R2d5+ 53. Kc4 Rxd7 54. Nxd7 Rxd7 55. Kc5 Kg5 56. Rg8 g6 {[%emt 0:00:23] Strongly threatening ...Rh7.} 57. Kb6 Rh7 {[%emt 0:00:09] Weighted Error Value: White=0.62/Black=0.11 (very precise)} 0-1

[Event "31st Kavala Open-A 2022"]
[Site "Kavala"]
[Date "2022.07.29"]
[Round "5.8"]
[White "Kalogridis, Antonios"]
[Black "Pijpers, Arthur"]
[Result "1/2-1/2"]
[ECO "A57"]
[WhiteElo "2272"]
[BlackElo "2458"]
[Annotator "TA"]
[PlyCount "41"]
[EventDate "2022.07.27"]
[EventType "swiss"]
[EventCountry "GRE"]
[SourceTitle "playchess.com"]
[Source "ChessBase"]
[SourceQuality "1"]
[TimeControl "40/5400+30:1800+30"]

1. d4 Nf6 2. c4 c5 3. d5 b5 4. cxb5 a6 5. e3 e6 6. dxe6 fxe6 7. Nc3 {[%emt 0:00:06] A57: Benko/Volga Gambit.} d5 8. Nf3 Be7 9. Be2 {[%emt 0:03:21] White is slightly better.} O-O 10. O-O {[%emt 0:01:23] [#]} c4 $146 {[%emt 0:00:04] [#]} (10... axb5 $14 11. Bxb5 Ba6) ({Predecessor:} 10... axb5 11. Bxb5 Bb7 12. Qe2 Nc6 13. Rd1 Qc7 14. h3 Rad8 15. Bd3 Nb4 16. Bb1 Ba6 {0-1 (52) Kukhmazov,A (2482)-Demidov,M (2571) Sochi 2022}) 11. b3 $1 $16 Qa5 12. Bd2 {[%emt 0:00:47][%cal Oc3d5,Bc1d2,Bd2c3,Bc3e5][%mdl 32] And now Nxd5! would win.} Bb4 13. Qc2 axb5 14. a3 Bxc3 {[%emt 0:04:37] White is better.} 15. Bxc3 ({Much worse is} 15. Qxc3 $6 Qxc3 16. Bxc3 Nc6 $11) 15... Qc7 16. Be5 {[%emt 0:05:21] This bishop pair is nice.} Qe7 17. a4 {[%emt 0:14:56] White is more active.} ({Don't play} 17. bxc4 $6 bxc4 18. Bb2 Nbd7 $11) 17... cxb3 18. Qxb3 bxa4 19. Rxa4 Rxa4 20. Qxa4 Bd7 21. Bb5 {[%emt 0:03:43] Weighted Error Value: White=0.07 (flawless) /Black=0.09 (flawless)} (21. Qa1 $16) 1/2-1/2

[Event "31st Kavala Open-A 2022"]
[Site "Kavala"]
[Date "2022.07.29"]
[Round "5.9"]
[White "Can, Isik"]
[Black "Markidis, Konstantinos"]
[Result "1/2-1/2"]
[ECO "C07"]
[WhiteElo "2445"]
[BlackElo "2259"]
[Annotator "TA"]
[PlyCount "60"]
[EventDate "2022.07.27"]
[EventType "swiss"]
[EventCountry "GRE"]
[SourceTitle "playchess.com"]
[Source "ChessBase"]
[SourceQuality "1"]
[TimeControl "40/5400+30:1800+30"]

1. e4 {[%emt 0:02:24] Tiviakov,S} e6 2. d4 d5 3. Nd2 c5 4. Ngf3 cxd4 5. Nxd4 Nf6 6. e5 Nfd7 7. N2f3 Nc6 8. Bf4 $1 {[%emt 0:00:04][%mdl 4] is more profitable than 8.Nxc6 at the moment. C07: French Tarrasch: 3...c5, 4 Ngf3 and 4 exd5 Qxd5.} Be7 {[%emt 0:00:15] [#] is the legacy move (8...Qb6).} 9. Bb5 $146 ({Predecessor:} 9. c3 g5 10. Nxg5 Nxd4 11. Nxf7 Nc2+ 12. Kd2 Qb6 13. Kxc2 Qxf2+ 14. Be2 Qxf4 15. Nxh8 Qxe5 {½-½ (25) Milov,L (2462)-Tiviakov,S (2639) Leiden 2015 CBM 168 [Tiviakov,S]}) 9... Qb6 10. c3 {[%emt 0:08:26] The position is equal.} a6 11. Ba4 Nc5 12. Bc2 (12. Bb3 $11) 12... Qxb2 $17 13. O-O Qb6 14. Nxc6 Qxc6 15. Nd4 Qc7 16. Qg4 g5 17. Bd2 Bd7 18. f4 h5 19. Qe2 g4 20. f5 {[%emt 0:00:56] [#]} O-O-O $1 21. f6 Bf8 22. a4 Ne4 23. Bxe4 dxe4 24. Qxe4 Qc4 25. Be3 Kb8 $2 {[%emt 0:01:54] [#]} (25... Bc6 26. Qb1 $17) (25... Bxa4 $17 {and life is bright. Threatens to win with ...Bc6.} 26. Qf4 Bh6) 26. Qf4 $2 {[%emt 0:00:03] 0x0.0019896922e6dp-1022s more active pieces.} (26. Rab1 $16 {[%csl Gb1][%cal Re4b7] stays on course.} Qd5 27. Qxd5 exd5 28. Rf2) 26... Kc8 ({Much worse is} 26... Qxc3 $6 27. Rfc1 Qa5 28. Qe4 $15) 27. Qe4 Bc6 28. Qf4 Bc5 ({Don't play} 28... Qxc3 29. Rac1 Rxd4 30. Rxc3 $16 (30. Bxd4 Qb4 $14)) 29. Rf2 $2 (29. Rfe1 $17 {was called for.}) 29... Bxd4 $2 (29... Qxc3 $19 30. Nc2 Rd3 31. Bxc5 Qxc5) 30. Bxd4 h4 {[%emt 0:00:04] Weighted Error Value: White=0.35/Black=0.49} (30... Rhg8 $17 31. Rd2 h4) 1/2-1/2

[Event "31st Kavala Open-A 2022"]
[Site "Kavala"]
[Date "2022.07.29"]
[Round "5.10"]
[White "Tarhan, Adar"]
[Black "Vrolijk, Liam"]
[Result "0-1"]
[ECO "B81"]
[WhiteElo "2201"]
[BlackElo "2464"]
[Annotator "TA"]
[PlyCount "50"]
[EventDate "2022.07.27"]
[EventType "swiss"]
[EventCountry "GRE"]
[SourceTitle "playchess.com"]
[Source "ChessBase"]
[SourceQuality "1"]
[TimeControl "40/5400+30:1800+30"]

1. e4 c5 2. Nf3 d6 3. d4 cxd4 4. Nxd4 Nf6 5. Nc3 a6 6. h3 e6 7. g4 h6 8. Bg2 Be7 {[%emt 0:00:11] B81: Sicilian Scheveningen: Keres Attack.} 9. Be3 Nc6 10. O-O Nxd4 {[%emt 0:10:50] The position is equal.} 11. Qxd4 e5 12. Qd2 Be6 13. f4 exf4 14. Bxf4 O-O {[%emt 0:03:14] [#]} 15. Rad1 $146 ({Predecessor:} 15. Kh1 Qb6 16. b3 Rac8 17. Nd5 Bxd5 18. exd5 Nd7 19. Rae1 Rfe8 20. Be4 Bh4 21. Re2 {0-1 (36) Ibarra Jerez,J (2181)-Suba,M (2508) La Roda 2004}) 15... Qb6+ 16. Be3 Qxb2 17. Rb1 (17. Bd4 $14 Qb4 18. g5 (18. Rb1 Qc4 $11) 18... hxg5 19. Qxg5) 17... Qa3 $15 18. Rxb7 Rac8 19. Bd4 ({White should try} 19. Nd5 $15 Bd8 20. Bd4 Bxd5 21. exd5) 19... Nd7 $17 {[%emt 0:01:41] ...Bg5 is the strong threat.} 20. Qd3 $2 {[%emt 0:23:04] [#] This move loses the game for White.} (20. Nd5 $15 Bg5 21. Qf2) 20... Nc5 $19 21. Bxc5 (21. Qf3 Bf6 22. Bxf6 Nxb7 23. Bd4) 21... Qxc5+ {[%emt 0:00:09] Black is clearly winning.} 22. Rf2 Bh4 ({Worse is} 22... Qxc3 23. Qxc3 Rxc3 24. Rxe7 $17) 23. Nd1 Bxf2+ 24. Nxf2 Rb8 25. Qxa6 Bc8 {[%emt 0:00:26] Weighted Error Value: White=0.87/Black=0.03 (flawless)} 0-1

[Event "31st Kavala Open-A 2022"]
[Site "Kavala"]
[Date "2022.07.29"]
[Round "5.11"]
[White "Gopal G.N."]
[Black "Mixakis, Evangelos"]
[Result "1-0"]
[ECO "B04"]
[WhiteElo "2593"]
[BlackElo "1883"]
[Annotator "TA"]
[PlyCount "93"]
[EventDate "2022.07.27"]
[EventType "swiss"]
[EventCountry "GRE"]
[SourceTitle "playchess.com"]
[Source "ChessBase"]
[SourceQuality "1"]
[TimeControl "40/5400+30:1800+30"]

1. e4 Nf6 2. e5 Nd5 3. d4 d6 4. Nf3 dxe5 5. Nxe5 c6 6. Be2 Bf5 {[%emt 0:00:37] B04: Alekhine's Defence: 4 Nf3.} 7. O-O Nd7 8. Nf3 h6 {[%emt 0:00:48] The position is equal.} 9. Bd3 $5 {[%emt 0:14:47][%mdl 4] A promising side line.} Bxd3 10. Qxd3 e6 11. c4 N5f6 12. Nc3 Be7 13. Bf4 O-O 14. Rad1 {[%emt 0:00:27] [#]} Qa5 $146 ({Predecessor:} 14... Qb6 15. b3 Rfd8 16. h3 Bb4 17. Qc2 Bxc3 18. Qxc3 c5 19. Rfe1 cxd4 20. Rxd4 Rac8 {½-½ (63) Ramesh,R (2484)-Cox,J (2314) Port Erin 2004}) 15. a3 Nh5 16. Bc1 Bd6 17. g3 (17. d5 $16 exd5 18. cxd5) 17... Nhf6 $11 18. Rfe1 Rfe8 19. Kg2 Rac8 20. h3 Qa6 21. Ne5 b6 22. Qf3 Qb7 23. Bf4 (23. b4 $5 ) 23... Bf8 (23... Bb8 $14) 24. Rd3 (24. h4 $16) 24... a6 $14 25. a4 Qa8 ({Better is} 25... Red8 $14) 26. Ne4 $1 $16 c5 27. Nxd7 {[%emt 0:00:15] 0x0.00144b3f0a92dp-1022s more active pieces.} Nxd7 28. d5 e5 {[%emt 0:03:44][%mdl 8192] A mistake that costs the game.} (28... exd5 $16 29. Rxd5 Qc6) 29. Bxh6 $18 Qb7 $2 {[%emt 0:04:23] [#]} (29... Rc7 30. Bg5 b5) 30. Bd2 (30. Bxg7 $142 $1 Kxg7 (30... Bxg7 31. Nd6) 31. Qg4+ Kh7 32. Rf3) 30... b5 31. b3 ({Stronger than} 31. Ng5 f6 $11) 31... Qb6 32. h4 ({Weaker is} 32. axb5 Qg6 33. g4 (33. bxa6 f5 $16) 33... axb5 $18) 32... g6 33. g4 {[%emt 0:01:12] Against f5} Bg7 34. g5 f5 35. gxf6 $1 Nxf6 {[%emt 0:00:44] [#]} 36. Nxf6+ (36. Ba5 $142 $1 Qxa5 37. Nxf6+ Kh8 38. Nxe8 Rxe8 39. Qe4 bxc4 40. Rg3) 36... Bxf6 (36... Qxf6 $142 37. axb5 axb5) 37. Qg4 {[%emt 0:00:24] White is clearly winning.} Bg7 38. Rg3 bxa4 39. bxa4 {[%emt 0:00:09] aiming for h5.} Rb8 40. Qxg6 Qxg6 41. Rxg6 Kh7 42. Rc6 Rb2 43. Be3 Ra2 44. Rb1 Rxa4 45. Rb7 {[%emt 0:00:26] White threatens Rh6+ and mate.} Rxc4 46. Rh6+ Kg8 47. Rg6 {[%emt 0:00:01] Weighted Error Value: White=0.41/Black=0.46} 1-0

[Event "31st Kavala Open-A 2022"]
[Site "Kavala"]
[Date "2022.07.29"]
[Round "5.12"]
[White "Maltsevskaya, Aleksandra"]
[Black "Ortega Lopez, Mikel"]
[Result "1/2-1/2"]
[ECO "B30"]
[WhiteElo "2378"]
[BlackElo "2249"]
[Annotator "TA"]
[PlyCount "80"]
[EventDate "2022.07.27"]
[EventType "swiss"]
[EventCountry "GRE"]
[SourceTitle "playchess.com"]
[Source "ChessBase"]
[SourceQuality "1"]
[TimeControl "40/5400+30:1800+30"]

1. e4 c5 2. Nf3 Nc6 3. Bb5 e5 4. O-O Bd6 5. c3 Nge7 6. d4 {[%emt 0:01:04] B30: Sicilian: 2...Nc6 3 Bb5, lines without ...g6.} cxd4 7. cxd4 exd4 8. Nxd4 {[%emt 0:02:28] White is slightly better.} O-O 9. Nc3 Be5 10. Nf3 Bxc3 11. bxc3 d5 12. Ba3 {[%emt 0:09:59] [#]} Qa5 $146 ({Predecessor:} 12... dxe4 13. Ng5 Qa5 14. Qb3 a6 15. Bxc6 Nxc6 16. Bxf8 Qxg5 17. Bd6 h5 18. Rae1 Qg6 {1-0 (56) Maghsoodloo,P (2695)-Nogerbek,K (2356) Chess.com INT 2021}) 13. Qb3 Rd8 14. Rad1 {[%emt 0:12:50] Bxc6 is the strong threat.} (14. Rfe1 {with more complications.} h6 15. Nd4 Nxd4 16. cxd4 Nc6 17. Bxc6 bxc6 18. e5) 14... Bg4 15. Bxc6 Nxc6 16. Rxd5 (16. exd5 {seems wilder.} Bxf3 17. gxf3 Ne5 18. f4) 16... Rxd5 17. exd5 Bxf3 18. gxf3 Ne5 19. Qxb7 Re8 (19... Rd8 $11 20. Be7 Qxd5 21. Qxd5 Rxd5) 20. Be7 $1 $16 {[%emt 0:12:34] Hoping for d6.} Qxc3 (20... Ng6 $16 {was worth a try.}) 21. d6 $1 $18 Qd3 $2 (21... Nxf3+ $2 22. Kg2 Ne5 23. d7 Nxd7 24. Qxd7 $18) (21... Qc6 $16 {was necessary.} 22. Qxc6 (22. Qxa7 $2 Nxf3+ 23. Kh1 Nd2+ 24. f3 Nxf1 $19) 22... Nxc6) 22. f4 Qg6+ 23. Kh1 Qd3 24. Re1 Ng6 25. Qc6 ({Not} 25. d7 Rxe7 26. Qa8+ Nf8 $11) 25... Rb8 26. d7 {[%emt 0:00:18] Threatens to win with Qc8+.} Qd2 {[%emt 0:02:42] [#]} 27. Qc8+ $2 (27. Bb4 $1 Qxb4 28. Re8+ Nf8 29. Qd5) 27... Nf8 {[%emt 0:00:01] [#]} 28. Qxb8 $2 {[%emt 0:04:05] White is much more active.} (28. Ra1 $1 $16 Qxd7 29. Qxb8 Qxe7 30. Qe5 Qb7+ 31. Kg1) 28... Qxe1+ $16 {[%emt 0:00:09][%mdl 4096] Endgame KQB-KQN} 29. Kg2 Qe4+ 30. f3 Qe2+ 31. Kg3 {[%emt 0:00:12][%csl Ge7][%cal Rb8f8] Really sharp!} Qe1+ 32. Kh3 Qe6+ {[%emt 0:08:55] [#]} (32... Qf1+ $11 {remains equal.} 33. Kh4 Qf2+ 34. Kg4 Qg2+ 35. Kh4 Qf2+ 36. Kg4 Qg2+ 37. Kh4 Qf2+) 33. f5 $1 Qxf5+ 34. Kg2 (34. Kh4 $16 g5+ 35. Kg3 (35. Kh5 Qh3+ 36. Kxg5 h6+ 37. Kf4 Qxh2+ 38. Kf5 Qxb8 $15) 35... Qf4+ 36. Qxf4 gxf4+ 37. Kxf4 Nxd7 38. Kf5) 34... Qc2+ $11 35. Kh3 (35. Kf1 $11 Qd1+ 36. Kg2 Qd2+ 37. Kh1 (37. Kg3 Qe1+ 38. Kh3 Qf1+ 39. Kg3 Qe1+ 40. Kh3 Qf1+ 41. Kg3 Qe1+ $11) 37... Qd1+ 38. Kg2 Qd2+ 39. Kh1 (39. Kg3 Qe1+ 40. Kh3 Qf1+ 41. Kg3 Qe1+ 42. Kh3 Qf1+ 43. Kg3 Qe1+ $11) 39... Qd1+ 40. Kg2) 35... Qf5+ $16 36. Kg2 ({Only move:} 36. Kh4 $16 g5+ 37. Kg3 (37. Kh5 Qh3+ 38. Kxg5 h6+ 39. Kf4 Qxh2+ 40. Kf5 Qxb8 $15) 37... Qf4+ 38. Qxf4 gxf4+ 39. Kxf4 Nxd7 40. Kf5) 36... Qc2+ $11 {[%emt 0:00:04] The position is equal.} 37. Kg3 Qg6+ 38. Kf4 Qh6+ 39. Kg3 Qg6+ 40. Kh3 (40. Kf2 $11 {was preferrable.} Qc2+ 41. Kg1 (41. Kg3 Qg6+ $11) 41... Qd1+ 42. Kg2 Qd2+ 43. Kh1 (43. Kg3 Qe1+ 44. Kg4 Qg1+ 45. Kh5 Qg6+ 46. Kh4 Qh6+ 47. Kg3 Qg6+ $11) 43... Qd1+ 44. Kg2 Qd2+ 45. Kh1 (45. Kg3 Qe1+ 46. Kg4 Qg1+ 47. Kh5 Qg6+ 48. Kh4 Qh6+ 49. Kg4 Qe6+ 50. Kg3 Qg6+ $11) 45... Qd1+ 46. Kg2) 40... Qf5+ {[%emt 0:00:41] Black defended with fortune.  Weighted Error Value: White=0.21 (precise) /Black=0.43} 1/2-1/2

[Event "31st Kavala Open-A 2022"]
[Site "Kavala"]
[Date "2022.07.29"]
[Round "5.13"]
[White "Stefanou, Dimitrios"]
[Black "Spyratos, Nikolaos"]
[Result "1-0"]
[ECO "A13"]
[WhiteElo "2184"]
[BlackElo "2268"]
[Annotator "TA"]
[PlyCount "77"]
[EventDate "2022.07.27"]
[EventType "swiss"]
[EventCountry "GRE"]
[SourceTitle "playchess.com"]
[Source "ChessBase"]
[SourceQuality "1"]
[TimeControl "40/5400+30:1800+30"]

1. Nf3 Nf6 2. c4 e6 3. g3 a6 4. Bg2 b5 5. b3 Bb7 6. O-O c5 7. Nc3 Qb6 8. e3 Be7 9. d4 {[%emt 0:00:24] A13: English Opening: 1...e6.} d6 10. d5 exd5 11. cxd5 {[%emt 0:00:30] White is slightly better.} O-O 12. e4 Nbd7 13. h3 Rfe8 {[%emt 0:03:22] [#]} 14. Bb2 $146 ({Predecessor:} 14. Be3 Bf8 15. Nd2 g6 16. a4 Bg7 17. Qc2 Rab8 18. Rfc1 Nh5 19. axb5 axb5 20. g4 {1-0 (36) Banusz,T (2585)-Goganov,A (2604) Riga 2014}) 14... Bf8 15. Qc2 g6 16. Nd2 Bg7 17. Kh2 Rac8 18. f4 Qc7 19. a4 b4 20. Nd1 a5 21. Ne3 {[%emt 0:05:12] aiming for Ndc4.} Nb6 22. Rfe1 Nfd7 (22... Ba6 $14) 23. Bf1 ({White should play} 23. Bxg7 $16 Kxg7 24. Bf1) 23... Ra8 (23... Bd4 $14) 24. Rad1 Ba6 25. Bxg7 Kxg7 26. Bxa6 Rxa6 27. Qb2+ f6 28. g4 Qd8 29. g5 {[%emt 0:06:36] White is more active.} c4 $2 {[%emt 0:04:11][%mdl 8192] [#] This costs Black the game.} (29... Kg8 $16 {was worth a try.}) 30. Nexc4 Nxc4 31. Nxc4 Nc5 $2 (31... Kg8 32. gxf6 Nxf6) 32. gxf6+ $18 {[%emt 0:02:36] White is clearly winning.} Qxf6 33. Qxf6+ Kxf6 {[%emt 0:00:01] [#]} 34. Nxd6 Rxd6 35. e5+ Kf5 {[%emt 0:00:16] ...Rd7 is the strong threat.} 36. exd6 Rd8 37. Rd4 Rxd6 (37... g5 $142 38. Re5+ Kf6) 38. Re5+ Kf6 39. Rc4 {[%emt 0:00:20] Weighted Error Value: White=0.16 (very precise) /Black=0.45} 1-0

[Event "31st Kavala Open-A 2022"]
[Site "Kavala"]
[Date "2022.07.29"]
[Round "5.14"]
[White "Zawadzka, Jolanta"]
[Black "Tsarsitalidis, Christos"]
[Result "1-0"]
[ECO "B18"]
[WhiteElo "2416"]
[BlackElo "1896"]
[Annotator "TA"]
[PlyCount "145"]
[EventDate "2022.07.27"]
[EventType "swiss"]
[EventCountry "GRE"]
[SourceTitle "playchess.com"]
[Source "ChessBase"]
[SourceQuality "1"]
[TimeControl "40/5400+30:1800+30"]

1. e4 c6 2. d4 d5 3. Nd2 dxe4 4. Nxe4 Bf5 5. Ng3 Bg6 6. Nh3 e6 {[%emt 0:00:23] 6...Nf6 gains popularity.} 7. Nf4 Bd6 8. Ngh5 {[%emt 0:00:51] B18: Classical Caro-Kann: 4...Bf5 sidelines.} Kf8 9. Qf3 Nf6 10. Nxg6+ {[%emt 0:00:15] White has an edge.} hxg6 {[%emt 0:00:07] [#]} 11. Nf4 $146 (11. Nxf6 $14 gxf6 12. Be3) ({Predecessor:} 11. Nxf6 Qxf6 12. Qb3 b6 13. Be3 Bf4 14. O-O-O Bxe3+ 15. fxe3 Nd7 16. Bc4 b5 17. Bd3 {1-0 (43) Kowalczyk,R (2235)-Kjartansson,G (2460) Katowice 2021}) 11... g5 ({Better is} 11... Nbd7 $17 {White must now prevent ...e5.} 12. Be2 e5 13. dxe5 Nxe5) 12. Ne2 $11 g4 13. Qd3 Qc7 (13... Rxh2 14. Rxh2 Bxh2 15. g3 $14) 14. Bd2 Nbd7 15. O-O-O b5 (15... Rxh2 $2 16. Rxh2 Bxh2 17. g3 $18) 16. Nc3 a5 (16... Rxh2 17. Rxh2 Bxh2 18. g3 $16) 17. g3 b4 18. Na4 Nb6 19. Nxb6 Qxb6 20. Be2 a4 21. Kb1 Ke7 (21... Ra5 $15) 22. Rde1 (22. Bg5 $14 {keeps the upper hand.}) 22... Rhb8 23. Bd1 Qb5 (23... Nd5 {with more complications.} 24. h3 Nc3+ 25. Ka1 Nxd1 26. Rxd1 gxh3 27. Rxh3 Qb5) 24. Qxb5 Rxb5 25. h4 (25. f3 $11) 25... gxh3 (25... a3 $17 26. b3 Rd5) 26. Rxh3 c5 27. Be2 Rbb8 28. Be3 Rc8 29. Rh4 c4 30. Bg5 Ra5 31. f4 (31. Rh5 $5 Bc7 32. c3 $11 (32. Bxc4 Kd7 $17)) 31... c3 32. Bd3 b3 33. bxc3 (33. Rhh1 $15) 33... Rxc3 $17 34. Re5 bxc2+ 35. Bxc2 Bxe5 (35... Ra7 $17 {And now ...Rb7+ would win.} 36. Rb5 Rxg3) 36. fxe5 $15 {[%emt 0:00:23][%mdl 64] [#] Pin} Kd7 37. Bd2 $1 Rb5+ 38. Kc1 Rxc2+ 39. Kxc2 $11 {[%emt 0:00:05][%mdl 4096] Endgame KRB-KRN} Ne8 40. Rh8 f6 41. exf6 Nxf6 42. Ra8 Ne4 {[%emt 0:01:49] [#]} (42... Rf5 $11 {keeps the balance.}) 43. Bf4 $1 $16 ({But not} 43. Rxa4 Nxg3 44. Bc3 (44. Ra7+ Kc6 $11) 44... g5 $11) 43... Rb4 44. Kd3 Nf6 45. Ra7+ Kc6 46. Bd2 {[%emt 0:00:00] White is more active.} (46. Rxg7 $16 {Hoping for Rg6.} Rb2 47. Rc7+ Kb6 48. Re7) 46... Rb7 (46... Rb2 $14 {is superior.}) 47. Rxa4 Nd5 48. Ra6+ Kd7 49. Ra8 Ke7 50. g4 Nc7 51. Ra5 Nd5 52. g5 Kf7 53. Ra8 Nc7 54. Rc8 (54. Ra4 $16) 54... Nd5 $14 55. Ra8 Nc7 $1 56. Ra3 Nd5 57. Rb3 Ra7 58. a3 Ra4 59. Ke4 Kg6 60. Ke5 Ne7 $2 {[%emt 0:03:46] This move loses the game for Black.} (60... Ra6 $16 {was worth a try.}) 61. Rb6 $18 (61. Kxe6 Rxd4 62. Bc1 (62. Kxe7 Rxd2 63. Rb5 Ra2 $16) 62... Re4+ 63. Kd7 Nd5 $16) 61... Kf7 $2 (61... Kh5 62. Bb4 (62. Rxe6 Ng6+ 63. Ke4 Rxa3 $16) (62. Kxe6 Rxd4 63. Kxe7 Rxd2 $16) 62... Nd5) 62. Rb7 Ke8 63. Kxe6 {[%emt 0:03:03] Intending Rb8+ and mate.} Ra6+ $2 (63... Nc6) 64. Ke5 {[%emt 0:00:35] Threatens to win with Bb4. White is clearly winning.} Nc6+ 65. Kd5 Ne7+ 66. Ke4 Re6+ 67. Kd3 Nf5 68. a4 Rd6 69. Bc3 Rg6 (69... Rd7 $142) 70. a5 Ne7 71. Bd2 Kd8 72. Rb6 Rxb6 73. axb6 {[%emt 0:00:26] Weighted Error Value: White=0.22 (precise) /Black=0.27 (precise)} 1-0